 Dungeon Crawl Stone Soup version 0.28-a0-586-gbdb9d174a4 (webtiles) character file.

Game seed: 1064716398213951593

325 Conn the Sneak (level 6, -4/39 HPs)
             Began as an Octopode Fire Elementalist on Oct 3, 2021.
             Slain by a black bear (7 damage)
             ... while paralysed by Pikel
             ... on level 4 of the Dungeon.
             The game lasted 00:11:31 (3333 turns).

Conn the Sneak (Octopode Fire Elementalist)         Turns: 3333, Time: 00:11:32

Health: -4/39      AC:  5    Str:  8    XL:     6   Next: 48%
Magic:  11/11      EV:  2    Int: 19    God:
Gold:   139        SH:  0    Dex: 12    Spells: 4/11 levels left

rFire   . . .      SeeInvis .   i - +2 short sword (elec)
rCold   . . .      Faith    .   (no shield)
rNeg    . . .      Spirit   .   (helmet restricted)
rPois   .          Reflect  .   e - amulet of magic regeneration
rElec   .          Harm     .   o - +4 ring of protection
rCorr   .          Rampage  .   (no ring)
Will    .....                   (no ring)
Stlth   ++++......              (no ring)
HPRegen 0.13/turn               (no ring)
MPRegen 0.37/turn               (no ring)
                                (no ring)
                                (no ring)

@: paralysed, attractive
A: almost no armour, amphibious, 8 rings, camouflage 1, gelatinous body 1,
(nimble swimmer 1), tentacles
a: no special abilities


You were on level 4 of the Dungeon.
You visited 1 branch of the dungeon, and saw 4 of its levels.

You collected 139 gold pieces.

Inventory:

Hand Weapons
 i - a +2 short sword of electrocution (weapon)
Jewellery
 e - an amulet of magic regeneration (around mantle)
 o - a +4 ring of protection (left tentacle)
Scrolls
 d - a scroll of magic mapping
 g - 3 scrolls of identify {unknown}
 l - a scroll of amnesia
Potions
 a - a potion of heal wounds {unknown}
 b - 2 potions of attraction
 c - a potion of berserk rage {unknown}
 j - a potion of might {unknown}
 k - a potion of lignification {unknown}
 m - 3 potions of flight {unknown}
 n - 4 potions of haste {unknown}


   Skills:
 + Level 1.6 Fighting
 + Level 0.9 Short Blades
 + Level 2.3 Dodging
 + Level 4.4 Stealth
 + Level 0.1 Unarmed Combat
 + Level 3.3 Spellcasting
 + Level 2.4 Conjurations
 + Level 4.4 Fire Magic


You had 4 spell levels left.
You knew the following spells:

 Your Spells              Type           Power      Damage    Failure   Level
a - Foxfire               Conj/Fire      64%        2x1d7     3%          1
b - Conjure Flame         Conj/Fire      16%        6-21      11%         3
c - Inner Flame           Hex/Fire       11%        N/A       17%         3

Your spell library contained the following spells:

 Spells                   Type           Power      Damage    Failure   Level
 Scorch                   Fire           40%        2d7       3%          2
 Shock                    Conj/Air       28%        1d4       9%          1
 Summon Small Mammal      Summ           12%        N/A       14%         1
 Flame Wave               Conj/Fire      16%        3d5       34%         4
 Call Canine Familiar     Summ           3%         N/A       41%         3
 Summon Guardian Golem    Hex/Summ       3%         N/A       41%         3
 Swiftness                Air            3%         N/A       41%         3
 Airstrike                Air            1%         N/A       82%         4


Dungeon Overview and Level Annotations

Branches:
Dungeon (4/15)
 Temple: D:4-7

Altars:

Annotations:
D:3 3 runed translucent doors, NoKap's ghost, amateur OpFE
D:4 Pikel


Innate Abilities, Weirdness & Mutations

You cannot wear most types of armour.
You are amphibious.
You can wear up to eight rings at the same time.
Your skin changes colour to match your surroundings (Stealth+).
Your rubbery body absorbs attacks. (AC +1, EV +1)
((You are camouflaged near water. (Stealth+)))
You have tentacles for arms and can constrict up to eight enemies at once.


Message History

The black bear claws you but does no damage.
The black bear misses you.
Pikel zaps a wand.
You shrug off the repeated paralysis!
As you read the scroll labelled TUGUENNUWI, it crumbles to dust.
You speak a Word of immense power!
The lemure convulses!
You kill the lemure!
That felt strangely unrewarding.
The lemure convulses!
You kill the lemure!
That felt strangely unrewarding.
The lemure convulses!
You kill the lemure!
That felt strangely unrewarding.
It was a scroll of holy word.
The black bear misses you. The black bear claws you.
The black bear completely misses you. Pikel completely misses you.
As you read the scroll labelled YPOARU TOSCH, it crumbles to dust.
It is a scroll of enchant weapon.
Your +1 short sword of electrocution glows red for a moment.
The black bear bites you. The black bear claws you. x2
Pikel closely misses you.
As you read the scroll labelled JIUNUOFEAM, it crumbles to dust.
You hear a loud clanging noise!
It was a scroll of noise.
You hear an angry growl.
You hear a shout! x2
The black bear bites you. The black bear claws you.
The black bear completely misses you.
Pikel hits you with a +2 whip of freezing.
Pikel freezes you.
* * * LOW HITPOINT WARNING * * *
It was a potion of attraction.
You feel attractive to monsters. The black bear bites you.
* * * LOW HITPOINT WARNING * * *
The black bear closely misses you. The black bear barely misses you.
Pikel zaps a wand.
You suddenly lose the ability to move!
The black bear bites you.
* * * LOW HITPOINT WARNING * * *
The black bear claws you but does no damage. x2
Pikel zaps a wand.
You shrug off the repeated paralysis!
The now-empty wand crumbles to dust.
The black bear bites you!
You die...

,,**,**.##.###........,,*,,,*
,,,,,,*..........#.....,,,,,*
,,,,,,,..........(.....*,,,***
,,,,,,,,#.........##.#*.,,,,,**
,,,,,,*.#............#....,,,,*
,,,,,,*.....).............,,,,*
,*,,,,,.................#,,*,**
,***,**###......h..#(...#.****
****,**#.......K@..##.....**
***,,,*....<..#...........,*
,***,,,...#..###..........,*
,,**,,,..,#...#...........**
*,,,,,,#,*#.............##* ###
*,,,***#,,..#.#..........### #.##
**,***.#...,###.......#....###..#
,,,,,,...####.#......####.###....
,,,****#....#..........##...##...


You could see Pikel and a black bear.

Vanquished Creatures
  A water moccasin (D:3)
  4 lemures (D:4)
  A scorpion (D:4)
  A bullfrog skeleton (D:4)
  An iguana (D:4)
  An adder (D:4)
  A dart slug (D:3)
  An orc (D:3)
  9 endoplasms
  5 giant cockroaches
  12 goblins
  7 hobgoblins
  7 jackals
  5 quokkas
  8 ball pythons
  5 bats
  7 frilled lizards
  10 kobolds
  7 rats
93 creatures vanquished.

Vanquished Creatures (collateral kills)
  6 foxfires (D:1)
6 creatures vanquished.

Vanquished Creatures (others)
  204 foxfires
  14 plants
218 creatures vanquished.

Grand Total: 317 creatures vanquished

Notes
Turn   | Place    | Note
-------+----------+-------------------------------------------
     0 | D:1      | Conn the Octopode Fire Elementalist began the quest for the
                  | Orb.
     0 | D:1      | Reached XP level 1. HP: 11/11 MP: 3/3
   212 | D:1      | Reached XP level 2. HP: 14/17 MP: 0/5
   562 | D:1      | Found a faded altar of an unknown god.
   602 | D:1      | Reached XP level 3. HP: 17/21 MP: 3/6
  1873 | D:3      | Noticed a water moccasin
  1894 | D:3      | Reached XP level 4. HP: 27/27 MP: 7/7
  1899 | D:3      | Learned a level 3 spell: Conjure Flame
  1903 | D:3      | Learned a level 3 spell: Inner Flame
  2010 | D:2      | You fall into a shaft and drop 2 floors!
  2071 | D:4      | Reached skill level 1 in Fighting
  2071 | D:4      | Reached XP level 5. HP: 23/33 MP: 6/9
  2222 | D:4      | Noticed a lemure
  2223 | D:4      | Noticed a lemure
  2223 | D:4      | Noticed a lemure
  2240 | D:4      | Killed a lemure
  2347 | D:3      | Killed a water moccasin
  2348 | D:3      | Reached XP level 6. HP: 23/38 MP: 3/10
  2971 | D:3      | Found a runed translucent gate.
  2971 | D:3      | Found a runed translucent gate.
  2973 | D:3      | Found a runed translucent gate.
  2976 | D:3      | Noticed NoKap's ghost (amateur OpFE)
  3317 | D:4      | Noticed a black bear
  3317 | D:4      | Noticed Pikel
  3321 | D:4      | Paralysed by Pikel for 5 turns
  3331 | D:4      | Paralysed by Pikel for 7 turns
  3333 | D:4      | Slain by a black bear

Illustrated notes

Levels and vault maps discovered:
D:1:      amcnicky_arrival_underground_garden, layout_rooms,
          ebering_ecumenical_altar_rust, lexackson_kobold_supper
D:2:      layout_basic, minmay_small_reverse_x
D:3:      layout_rooms, gammafunk_ghost_necromancy, minmay_misc_feat_rows,
          grunt_ministairs_5
D:4:      layout_cave_pools, serial_bayou_lake_a, uniq_pikel

Skill      XL: |  1  2  3  4  5 |
---------------+----------------+-----
Stealth        | 3 4 |  4.4
Fire Magic     | 4 |  4.4
Fighting       | 1 |  1.6
Spellcasting   | 3 |  3.3
Conjurations   | 2 |  2.4
Short Blades   | |  0.9
Dodging        | |  2.3
Unarmed Combat | |  0.1

Action                   |  1- 3 |  4- 6 || total
-------------------------+-------+-------++-------
Melee: Unarmed           |    14 |       ||    14
       Tentacles         |     2 |     4 ||     6
       Constrict         |     4 |     5 ||     9
       Short sword       |    14 |    32 ||    46
 Cast: Foxfire           |    76 |    44 ||   120
       Inner Flame       |       |     1 ||     1
       Conjure Flame     |       |     2 ||     2
  Use: Scroll            |       |     5 ||     5
       Potion            |       |     1 ||     1
 Stab: Sleeping          |     8 |     8 ||    16
Armor: Skin              |     3 |    13 ||    16
Dodge: Dodged            |    18 |    31 ||    49

Table legend: (Time is in decaauts)
 A = Elapsed time spent in this place.
 B = Non-inter-level travel time spent in this place.
 C = Inter-level travel time spent in this place.
 D = Time resting spent in this place.
 E = Time spent auto-exploring this place.
 F = Levels seen in this place.
 G = Mean time per level.
                   A        B        C        D        E       F      G
               +--------+--------+--------+--------+--------+-----+--------+
         Total |   3340 |   3192 |    148 |    227 |   1857 |   4 |  835.0 |
       Dungeon |   3340 |   3192 |    148 |    227 |   1857 |   4 |  835.0 |
               +--------+--------+--------+--------+--------+-----+--------+

Top non-repeatable levels by time:
     D:2: 1081 daAuts
     D:3: 973 daAuts
     D:1: 897 daAuts
     D:4: 387 daAuts
